 Dungeon Crawl Stone Soup version 0.29-a0-414-g5075937 (webtiles) character file.

Game seed: 13293611883210228239

35840 Geeful the Grappler (level 13, -1/82 HPs)
             Began as an Octopode Transmuter on May 15, 2022.
             Was a High Priest of Hepliaklqana.
             Slain by an eight-headed hydra (6 damage)
             ... on level 5 of the Lair of Beasts.
             The game lasted 01:25:29 (20255 turns).

Geeful the Grappler (Octopode Transmuter)          Turns: 20255, Time: 01:25:30

Health: -1/82      AC:  6    Str: 14    XL:     13   Next: 86%
Magic:  23/26      EV: 34    Int: 21    God:    Hepliaklqana [*****.]
Gold:   529        SH:  0    Dex: 22    Spells: 22/31 levels left

rFire   + + .      SeeInvis +     - Unarmed
rCold   + . .      Faith    .   (shield currently unavailable)
rNeg    + . .      Spirit   .   (helmet currently unavailable)
rPois   x          Reflect  .   o - amulet of the acrobat
rElec   .          Harm     .   c - +6 ring of intelligence
rCorr   +          Rampage  .   h - +4 ring of evasion
Will    .....                   w - ring of protection from cold
Stlth   ++........              x - ring of protection from fire
HPRegen 0.23/turn               y - +4 ring of protection
MPRegen 0.20/turn               B - ring "Fukiryir" {Dex+4 Slay+2 SInv}
                                D - ring of Irchac {rF+ rN+ rCorr}
                                (no ring)

@: spider-form
A: venomous fangs, reduced essence, almost no armour, (amphibious), 8 rings,
tiny, (camouflage 1), (gelatinous body 1), (nimble swimmer 1), (tentacles)
a: End Transformation, Renounce Religion, Recall Ancestor, Ancestor Identity,
Transference, Idealise


You were on level 5 of the Lair of Beasts.
You worshipped Hepliaklqana.
Hepliaklqana was extremely pleased with you.
You were a venomous arachnid creature.
You visited 3 branches of the dungeon, and saw 16 of its levels.

You collected 904 gold pieces.
You spent 375 gold pieces at shops.

Inventory:

Missiles
 e - a curare-tipped dart
 n - a throwing net
Armour
 m - a +2 buckler of protection (melded)
 C - the +0 mask of the Dragon (melded) {Will+ Slay+3 SInv}
   (You acquired it on level 10 of the Dungeon)

   Slay:      It affects your accuracy & damage with ranged weapons and melee
   (+3).
   SInv:      It lets you see invisible.
   Will:      It increases your willpower.
Jewellery
 c - a +6 ring of intelligence (left front leg)
 h - a +4 ring of evasion (right front leg)
 o - an amulet of the acrobat (around neck)
 w - a ring of protection from cold (on tentacle)
 x - a ring of protection from fire (on tentacle)
 y - a +4 ring of protection (on tentacle)
 B - the ring "Fukiryir" (on tentacle) {Dex+4 Slay+2 SInv}
   (You took it off an orc on level 9 of the Dungeon)

   [ring of see invisible]

   Dex:       It affects your dexterity (+4).
   Slay:      It affects your accuracy & damage with ranged weapons and melee
   (+2).
   SInv:      It lets you see invisible.
 D - the ring of Irchac (on tentacle) {rF+ rN+ rCorr}
   (You took it off a yaktaur on level 10 of the Dungeon)

   [ring of positive energy]

   rF:        It protects you from fire.
   rN:        It protects you from negative energy.
   rCorr:     It protects you from acid and corrosion.
Wands
 p - a wand of iceblast (14)
 u - a wand of charming (6)
 v - a wand of polymorph (15)
 A - a wand of flame (7)
 E - a wand of acid (12)
 G - a wand of paralysis (6)
Scrolls
 f - a scroll of amnesia
 i - a scroll of blinking
 q - 2 scrolls of fear
 r - 4 scrolls of poison
 s - 7 scrolls of teleportation
Potions
 a - 4 potions of lignification
 b - a potion of cancellation {unknown}
 d - 4 potions of attraction
 g - a potion of invisibility
 j - 3 potions of curing
 k - 2 potions of magic {unknown}
 l - a potion of might {unknown}
 t - 2 potions of haste
 z - 3 potions of flight
 F - 3 potions of resistance {unknown}
 H - a potion of degeneration {unknown}
 I - a potion of ambrosia {unknown}


   Skills:
 + Level 10.3 Fighting
 + Level 10.4 Dodging
 - Level 6.0 Shields
 + Level 10.7 Unarmed Combat
 + Level 9.6 Spellcasting
 + Level 10.5 Transmutations
 + Level 2.5 Invocations


You had 22 spell levels left.
You knew the following spells:

 Your Spells              Type           Power      Damage    Failure   Level
a - Beastly Appendage     Tmut           100%       N/A       1%          1
b - Wereblood             Tmut           53%        N/A       1%          2
c - Spider Form           Tmut/Pois      32%        N/A       9%          3
d - Ignite Poison         Fire/Tmut/Pois 24%        N/A       14%         3

Your spell library contained the following spells:

 Spells                   Type           Power      Damage    Failure   Level
 Summon Small Mammal      Summ           40%        N/A       19%         1
 Ice Form                 Ice/Tmut       32%        N/A       21%         4
 Blink                    Tloc           20%        N/A       24%         2
 Sublimation of Blood     Necr           10%        N/A       24%         2
 Call Canine Familiar     Summ           10%        N/A       41%         3
 Dazzling Flash           Conj/Hex       20%        N/A       41%         3
 Inner Flame              Hex/Fire       10%        N/A       41%         3
 Lesser Beckoning         Tloc           10%        N/A       41%         3
 Ozocubu's Armour         Ice            10%        N/A       41%         3
 Summon Guardian Golem    Hex/Summ       10%        N/A       41%         3
 Cause Fear               Hex            5%         N/A       75%         4
 Dragon Form              Tmut           26%        N/A       78%         7
 Statue Form              Tmut/Erth      21%        N/A       89%         6
 Agony                    Necr           10%        N/A       96%         5
 Iskenderun's Battlesphe  Conj           10%        2d6       96%         5
 Manifold Assault         Tloc           10%        N/A       96%         5
 Silence                  Hex/Air        5%         N/A       96%         5
 Iron Shot                Conj/Erth      5%         9d2       100%        6
 Ozocubu's Refrigeration  Ice            5%         4d6       100%        7
 Spellforged Servitor     Conj/Summ      5%         N/A       100%        7
 Summon Hydra             Summ           5%         N/A       100%        7
 Discord                  Hex            5%         N/A       100%        8
 Ignition                 Fire           5%         3d4       100%        8
 Dragon's Call            Summ           5%         N/A       100%        9


Dungeon Overview and Level Annotations

Branches:
Dungeon (10/15)            Temple (1/1) D:4            Lair (5/6) D:10
 Shoals (0/4) Lair:3        Snake (0/4) Lair:3          Orc (0/2) D:9
  Slime: Lair:5-6

Altars:
Ashenzari
Cheibriados
Dithmenos
Elyvilon
Fedhas
Gozag
Hepliaklqana
Kikubaaqudgha
Makhleb
Nemelex Xobeh
Okawaru
Qazlal
Ru
Sif Muna
Trog
Uskayaw
Vehumet
Wu Jian
Xom
Yredelemnul
Zin
The Shining One

Shops:
D:6 [   D:8 *[   D:10 :

Annotations:
D:10 1 exclusion


Innate Abilities, Weirdness & Mutations

You are a venomous arachnid creature.
You have poisonous fangs.
You are tiny and dextrous.
Your spellcasting is less reliable in this form.
Your armour is entirely melded.
You are incapable of wielding weapons or throwing items.
Your life essence is reduced to manifest your ancestor. (-10% HP)
You cannot wear most types of armour.
((You are amphibious.))
You can wear up to eight rings at the same time.
((Your skin changes colour to match your surroundings (Stealth+).))
((Your rubbery body absorbs attacks. (AC +1, EV +1)))
((You are camouflaged when in or above water. (Stealth+)))
((You have tentacles for arms and can constrict up to eight enemies at once.))


Message History

The eight-headed hydra completely misses you. x3
The eight-headed hydra bites you but does no damage.
The eight-headed hydra completely misses you. x2
The eight-headed hydra misses you.
The eight-headed hydra completely misses you.
You hit the eight-headed hydra.
The eight-headed hydra is heavily wounded.
Wenzel barely misses the eight-headed hydra.
The eight-headed hydra completely misses you.
The eight-headed hydra barely misses you.
The eight-headed hydra misses you.
The eight-headed hydra closely misses you.
The eight-headed hydra completely misses you.
The eight-headed hydra bites you!
The eight-headed hydra completely misses you.
The eight-headed hydra misses you.
You hit the eight-headed hydra but do no damage.
The eight-headed hydra is moderately wounded.
Wenzel hits the eight-headed hydra with a +0 flail!
You bite the eight-headed hydra!
The eight-headed hydra is severely wounded.
The eight-headed hydra completely misses you. x2
The eight-headed hydra bites you but does no damage.
The eight-headed hydra completely misses you.
The eight-headed hydra bites you!
The eight-headed hydra completely misses you.
The eight-headed hydra bites you!
* * * LOW HITPOINT WARNING * * *
The eight-headed hydra bites you!
* * * LOW HITPOINT WARNING * * *
Wenzel hits the eight-headed hydra with a +0 flail!
The eight-headed hydra attacks as you move away!
The eight-headed hydra misses you.
The eight-headed hydra completely misses you. x2
The eight-headed hydra closely misses you.
The eight-headed hydra bites you!
* * * LOW HITPOINT WARNING * * *
The eight-headed hydra completely misses you.
The eight-headed hydra bites you.
You die...

..PPP..
###PP≈≈≈≈P
#.≈≈≈≈≈P≈≈
###.P≈♣♣♣≈≈
#...≈≈♣
#.P.P≈♣
#.†R≈♣♣♣♣
##≈PDP≈♣P♣≈P
#≈##s.≈≈≈P≈P
####P..P≈P≈P≈
#............
#.............
##.......#....
#.....##....#
###...##.....
#....#..#...
##..##......


You could see the friendly Wenzel the knight and an eight-headed hydra (ally
target).

Vanquished Creatures
  4 hydras
  A two-headed ogre (D:10)
  A death yak (D:10)
  Pikel (D:7)
  An ugly thing (D:10)
  3 elephants (Lair:4)
  Maurice (D:8)
  2 black mambas
  7 cane toads
  2 gargoyles (D:10)
  Maggie (D:6)
  6 komodo dragons
  2 yaktaurs (D:10)
  A hornet (D:10)
  2 polar bears (Lair:4)
  Prince Ribbit (D:6)
  12 blink frogs
  A shadow (D:10)
  A basilisk (D:10)
  2 wyverns (D:10)
  33 yaks
  A wraith (D:9)
  A vampire mosquito (D:10)
  4 wargs (D:10)
  5 acid dragons
  3 nagas (Lair:3)
  Duvessa (D:6)
  6 water moccasins
  5 orc warriors
  2 black bears
  A sky beast (D:4)
  17 wolves
  A centaur (D:9)
  3 kobold brigands
  6 bullfrogs
  2 necrophages
  A gnoll sergeant (D:5)
  4 scorpions
  3 wights (D:9)
  9 killer bees
  3 howler monkeys (D:8)
  2 electric eels (D:10)
  4 hounds
  A gnoll shaman (D:5)
  5 jellies
  5 orc priests
  2 iguanas (D:6)
  10 orc wizards
  9 gnolls (D:5)
  8 adders
  A shadow imp (D:6)
  A white imp (D:5)
  2 worms
  A dart slug (D:4)
  33 orcs
  6 endoplasms
  4 giant cockroaches
  6 goblins
  7 hobgoblins
  5 jackals (D:1)
  20 kobolds
  7 quokkas
  6 ball pythons
  6 bats
  A frilled lizard (D:2)
  3 rats
318 creatures vanquished.

Vanquished Creatures (collateral kills)
  2 death yaks (D:10)
  A cyclops (D:10)
  A wolf spider (Lair:1)
  An elephant (Lair:4)
  A gargoyle (D:10)
  2 cane toads
  2 komodo dragons
  2 blink frogs (Lair:4)
  2 wyverns (D:10)
  19 yaks
  A naga (Lair:3)
  An acid dragon (D:10)
  4 water moccasins
  4 orc warriors
  6 wolves (Lair:1)
  2 kobold brigands
  4 bullfrogs
  A wight (D:9)
  Dowan (D:6)
  A killer bee (D:10)
  2 orc wizards
  A shadow imp (D:7)
  A white imp (D:7)
  3 orcs (D:9)
  2 kobolds (D:9)
67 creatures vanquished.

Vanquished Creatures (others)
  A knight (Lair:3)
  15 fungi
  6 plants
22 creatures vanquished.

Grand Total: 407 creatures vanquished

Notes
Turn   | Place    | Note
-------+----------+-------------------------------------------
     0 | D:1      | Geeful the Octopode Transmuter began the quest for the Orb.
     0 | D:1      | Reached XP level 1. HP: 13/13 MP: 3/3
    89 | D:1      | Reached XP level 2. HP: 2/18 MP: 5/5
   511 | D:1      | Learned a level 2 spell: Wereblood
   756 | D:1      | Reached XP level 3. HP: 20/23 MP: 3/6
  1558 | D:2      | Reached XP level 4. HP: 29/29 MP: 7/7
  1566 | D:2      | Found an opulent altar of Gozag.
  2658 | D:3      | Learned a level 3 spell: Spider Form
  3415 | D:4      | Reached XP level 5. HP: 32/34 MP: 7/9
  3431 | D:4      | Found a staircase to the Ecumenical Temple.
  3458 | D:4      | Noticed a sky beast
  3465 | Temple   | Entered the Ecumenical Temple
  3579 | Temple   | Became a worshipper of Hepliaklqana the Forgotten
  3904 | D:4      | Killed a sky beast
  4050 | D:4      | Reached XP level 6. HP: 25/41 MP: 7/10
  4283 | D:5      | Entered Level 5 of the Dungeon
  4801 | D:4      | Reached XP level 7. HP: 18/46 MP: 2/12
  5450 | D:5      | Reached skill level 1 in Shields
  5931 | D:5      | Reached XP level 8. HP: 48/54 MP: 11/13
  5946 | D:5      | Found a glowing golden altar of the Shining One.
  6059 | D:5      | Found a bloodstained altar of Trog.
  6377 | D:6      | Found Abruory's Antique Armour Shop.
  6534 | D:6      | Noticed Prince Ribbit
  6537 | D:6      | Noticed Maggie
  6567 | D:6      | Killed Maggie
  6568 | D:6      | Reached skill level 5 in Unarmed Combat
  6568 | D:6      | Killed Prince Ribbit
  6737 | D:6      | Reached * piety under Hepliaklqana
  6886 | D:6      | Reached XP level 9. HP: 53/53 MP: 11/15
  6941 | D:6      | Noticed Duvessa
  6943 | D:6      | Noticed Dowan
  6960 | D:6      | Killed Duvessa
  6961 | D:6      | Reached skill level 5 in Dodging
  6961 | D:6      | Reached skill level 5 in Transmutations
  6973 | D:6      | Killed Dowan
  7439 | D:7      | Found a basalt altar of Yredelemnul.
  7439 | D:7      | Found a stormy altar of Qazlal.
  7444 | D:7      | Found an ancient bone altar of Kikubaaqudgha.
  7735 | D:7      | Reached skill level 5 in Shields
  7737 | D:7      | Reached skill level 5 in Fighting
  7774 | D:7      | Noticed Pikel
  7780 | D:7      | Reached skill level 5 in Spellcasting
  7790 | D:7      | Killed Pikel
  8107 | D:7      | Reached ** piety under Hepliaklqana
  8108 | D:7      | Remembered your ancestor Wenzel as a knight
  8500 | D:8      | Noticed Maurice
  8516 | D:8      | Killed Maurice
  8517 | D:8      | Reached XP level 10. HP: 59/59 MP: 15/18
  8848 | D:8      | Got Ronaoth's Almanac of Fiery Transmigration
  8853 | D:8      | Learned a level 3 spell: Ignite Poison
  9096 | D:8      | Found a shimmering altar of Xom.
  9096 | D:8      | Found Nelee's Fire Supplies.
  9114 | D:8      | Bought a ring of protection from fire for 375 gold pieces
  9139 | D:8      | Found an opulent altar of Gozag.
  9362 | D:8      | Found Dolar's Armour Emporium.
  9830 | D:9      | Found a shadowy altar of Dithmenos.
 10258 | D:9      | Identified the ring "Fukiryir" {Dex+4 Slay+2 SInv}
 10317 | D:9      | Found a staircase to the Orcish Mines.
 10849 | D:9      | Reached *** piety under Hepliaklqana
 11288 | D:10     | Entered Level 10 of the Dungeon
 11305 | D:10     | Reached XP level 11. HP: 46/66 MP: 20/20
 11565 | D:10     | Found Tetsarag's Book Shop.
 12335 | D:10     | Noticed a death yak
 12614 | D:10     | Identified a scroll of acquirement
 12614 | D:10     | Acquired the +0 mask of the Dragon {Will+ Slay+3 SInv}
 12614 | D:10     | Found the +0 mask of the Dragon {Will+ Slay+3 SInv}
 12964 | D:10     | Noticed a death yak
 13092 | D:10     | Noticed a two-headed ogre
 13105 | D:10     | Killed a two-headed ogre
 13184 | D:10     | Noticed a white ugly thing
 13227 | D:10     | Killed a white ugly thing
 13534 | D:10     | Identified the ring of Irchac {rF+ rN+ rCorr}
 13592 | D:10     | Noticed an eight-headed hydra
 13803 | D:10     | Killed a death yak
 14037 | D:10     | Noticed a cyclops
 14233 | D:10     | Killed a cyclops
 14234 | D:10     | Reached XP level 12. HP: 50/73 MP: 21/23
 14430 | D:10     | Killed a death yak
 14536 | D:10     | Found a staircase to the Lair.
 14562 | D:10     | Noticed a death yak
 14588 | D:10     | HP: 4/111 [orc priest/divine providence (11)]
 14599 | D:10     | Killed a death yak
 15009 | Lair:1   | Entered Level 1 of the Lair of Beasts
 15044 | Lair:1   | Noticed a five-headed hydra
 15054 | Lair:1   | Killed a five-headed hydra
 15165 | Lair:1   | Noticed a seven-headed hydra
 15197 | Lair:1   | Killed a seven-headed hydra
 16885 | Lair:2   | Reached XP level 13. HP: 81/81 MP: 23/25
 17099 | Lair:2   | Reached **** piety under Hepliaklqana
 17169 | Lair:2   | Reached skill level 10 in Unarmed Combat
 17309 | Lair:2   | Identified the +1 dagger of Context {vorpal, rPois}
 18075 | Lair:3   | Found a staircase to the Snake Pit.
 18265 | Lair:3   | Reached skill level 10 in Transmutations
 18509 | Lair:3   | Reached skill level 10 in Dodging
 18618 | Lair:3   | Found a staircase to the Shoals.
 18675 | Lair:3   | Reached ***** piety under Hepliaklqana
 18715 | Lair:3   | Reached skill level 10 in Fighting
 18940 | Lair:4   | Reached skill level 1 in Invocations
 20255 | Lair:5   | Slain by an eight-headed hydra

Illustrated notes

Levels and vault maps discovered:
D:1:      dpeg_arrival_radiant, layout_rooms, solitary_fountain
D:2:      layout_basic, basic_altar, roderic_roman_lattice
D:3:      layout_basic
D:4:      layout_gridville, minmay_temple_entry_waves
D:5:      layout_rooms, mainiacjoe_overflow_two_lobes
D:6:      layout_basic, chequers_serial_rivers_room_b, dk_noncrumbling_3,
          kennysheep_windowed_goal, uniq_maggie, uniq_prince_ribbit1,
          uniq_duvessa
D:7:      layout_gridville, gammafunk_temple_overflow_forgotten, uniq_pikel
D:8:      layout_loops_ring, serial_aquarium, aquarium_bridge_island_small
          [aquarium_subvault_small_water, aquarium_subvault_bridge,
          aquarium_subvault_balcony, aquarium_subvault_bridge,
          aquarium_subvault_wall], aquarium_window_1,
          aquarium_window_corridor_3, aquarium_window_fake, aquarium_view_2b,
          aquarium_balcony_3a, aquarium_pool_2, serial_shops, kennysheep_mini,
          nicolae_shop_fire_sale [nicolae_sub_dead_trees],
          hangedman_feature_mirror, uniq_maurice
D:9:      layout_loops_corners, mainiacjoe_overflow_concentric_impassable,
          david_orc_2
D:10:     minmay_the_grid_square_5x5_3x3 [minmay_the_grid_square_5x5_mess,
          minmay_the_grid_square_5x5_minibox,
          minmay_the_grid_square_5x5_broken_cross,
          minmay_the_grid_square_5x5_corner,
          minmay_the_grid_square_5x5_megaprize_checkered,
          minmay_the_grid_square_5x5_almost_minimal,
          minmay_the_grid_square_5x5_doubleslash,
          minmay_the_grid_square_5x5_tetrominoes,
          minmay_the_grid_square_5x5_seven], layout_basic, dpeg_lair_monsters,
          serial_shops, shop, hangedman_decor_push,
          hangedman_decor_diamond_cutter, nooodl_orcs_dogs
Temple:   nicolae_temple_elliptical
Lair:1:   layout_gridlike, nicolae_lair_run_with_the_wolves
Lair:2:   layout_regular_city, cheibrodos_lair_reptile_den
Lair:3:   layout_concentric_octagons, shoals_dummy_entry,
          minmay_snake_entry_guardpost_medium, grunt_megastairs_1
Lair:4:   layout_roguey, chequers_serial_rivers_micro_c, beast_lair_carwin_11
Lair:5:   layout_misc_corridors, slime_dummy, serial_bayou,
          serial_bayou_lagoon_a, serial_bayou_pond_a, serial_bayou_ford_a,
          serial_bayou_pond_c, kennysheep_abandoned_house,
          infiniplex_staircase_pool_2, serial_bayou_shore_b

Skill      XL: |  1  2  3  4  5  6  7  8  9 10 11 12 13 |
---------------+----------------------------------------+-----
Fighting       | 2 3 4 5 6 8 9 10 | 10.3
Dodging        | 3 4 5 7 8 9 10 | 10.4
Spellcasting   | 3 4 5 6 7 8 9 |  9.6
Transmutations | 3 4 5 7 8 9 10 | 10.5
Unarmed Combat | 4 5 6 7 8 9 10 | 10.7
Shields        | 2 4 6 |  6.0
Invocations    | 2 |  2.5

Action                   |  1- 3 |  4- 6 |  7- 9 | 10-12 | 13-15 || total
-------------------------+-------+-------+-------+-------+-------++-------
Melee: Unarmed           |    75 |   118 |   193 |   464 |   226 ||  1076
       Constrict         |    21 |    25 |    28 |    21 |    22 ||   117
       Kick              |    18 |    14 |    40 |    60 |    19 ||   151
       Tentacles         |    11 |    20 |    30 |    61 |    39 ||   161
       Punch             |     3 |     1 |     7 |     8 |    18 ||    37
 Cast: Beastly Appendage |    11 |    13 |    23 |    19 |     4 ||    70
       Wereblood         |     3 |     6 |    12 |    19 |    18 ||    58
       Spider Form       |       |     8 |    12 |    31 |     9 ||    60
Invok: Ancestor Life: Kn |       |       |     1 |       |       ||     1
       Recall Ancestor   |       |       |       |     2 |     1 ||     3
Evoke: Wand              |       |       |     1 |     3 |       ||     4
  Use: Scroll            |     3 |     9 |     1 |    12 |     4 ||    29
       Potion            |       |       |     1 |     6 |       ||     7
 Stab: Sleeping          |     6 |     5 |     2 |     4 |     2 ||    19
       Invisible         |       |       |     1 |       |       ||     1
       Distracted        |       |       |       |    12 |     9 ||    21
Armor: Skin              |    11 |    10 |     9 |    33 |    11 ||    74
Dodge: Dodged            |    49 |   118 |   156 |   523 |   215 ||  1061
Block: Buckler           |       |       |    16 |    47 |    52 ||   115

Table legend: (Time is in decaauts)
 A = Elapsed time spent in this place.
 B = Non-inter-level travel time spent in this place.
 C = Inter-level travel time spent in this place.
 D = Time resting spent in this place.
 E = Time spent auto-exploring this place.
 F = Levels seen in this place.
 G = Mean time per level.
                   A        B        C        D        E       F      G
               +--------+--------+--------+--------+--------+-----+--------+
         Total |  20144 |  19714 |    430 |   1854 |  14462 |  16 | 1259.0 |
       Dungeon |  15072 |  14776 |    296 |   1830 |  10477 |  10 | 1507.2 |
        Temple |    124 |    114 |     10 |      0 |      0 |   1 |  124.0 |
          Lair |   4947 |   4823 |    124 |     24 |   3985 |   5 |  989.4 |
               +--------+--------+--------+--------+--------+-----+--------+

Top non-repeatable levels by time:
    D:10: 3780 daAuts
     D:9: 1671 daAuts
  Lair:1: 1604 daAuts
     D:4: 1433 daAuts
     D:2: 1418 daAuts
     D:5: 1338 daAuts
     D:8: 1272 daAuts
  Lair:3: 1244 daAuts
     D:6: 1228 daAuts
  Lair:2: 1091 daAuts
     D:7: 1060 daAuts
  Lair:4: 970 daAuts
     D:3: 969 daAuts
     D:1: 900 daAuts
  Temple: 124 daAuts
